[Event "BL 2018-19"]
[Site "Berlin"]
[Date "2019.04.06"]
[Round "14"]
[White "Zelbel, Patrick"]
[Black "Braun, Arik"]
[Result "1/2-1/2"]
[ECO "B22"]
[WhiteElo "2439"]
[BlackElo "2605"]
[Annotator "ChessBase"]
[PlyCount "43"]
[EventDate "2018.11.10"]
[EventType "team-tourn"]
[EventCountry "GER"]
[SourceTitle "playchess.com"]
[Source "ChessBase"]
[SourceQuality "1"]
[WhiteTeam "Muelheim"]
[BlackTeam "Hockenheim"]
[TimeControl "40/6000+30:3000+30"]

1. e4 c5 2. c3 Nf6 3. e5 Nd5 4. Bc4 Nb6 5. Bb3 c4 6. Bc2 Nc6 7. Nf3 Qc7 8. O-O Nxe5 9. Nxe5 Qxe5 10. Re1 Qc7 11. a4 e6 12. a5 Nd5 13. d3 cxd3 14. Qxd3 Be7 15. Na3 Qxa5 16. Bd2 Qd8 17. Nb5 a6 18. Qg3 O-O 19. Bh6 g6 20. Bxf8 Qxf8 21. Red1 Bc5 22. Bb3 1/2-1/2

[Event "BL 2018-19"]
[Site "Berlin"]
[Date "2019.04.06"]
[Round "14"]
[White "Buckels, Valentin"]
[Black "Banusz, Tamas"]
[Result "1/2-1/2"]
[ECO "D02"]
[WhiteElo "2427"]
[BlackElo "2606"]
[Annotator "ChessBase"]
[PlyCount "85"]
[EventDate "2018.11.10"]
[EventType "team-tourn"]
[EventCountry "GER"]
[SourceTitle "playchess.com"]
[Source "ChessBase"]
[SourceQuality "1"]
[WhiteTeam "Muelheim"]
[BlackTeam "Hockenheim"]
[TimeControl "40/6000+30:3000+30"]

1. d4 d5 2. Bf4 Nf6 3. e3 c5 4. Nf3 e6 5. Nbd2 Bd6 6. Bg3 Qc7 7. dxc5 Qxc5 8. c4 dxc4 9. Rc1 Bxg3 10. hxg3 Nc6 11. Rxc4 Qe7 12. Qc2 Bd7 13. g4 Na5 14. g5 Nd5 15. Rch4 Rc8 16. Qb1 Qc5 17. Bd3 Nb4 18. Ne4 Nxd3+ 19. Qxd3 Qc1+ 20. Ke2 Qc2+ 21. Qxc2 Rxc2+ 22. Kd3 Rxb2 23. Rxh7 Rg8 24. Rh8 Rxh8 25. Rxh8+ Ke7 26. Rg8 Rxa2 27. g6 Bb5+ 28. Kc3 Ra3+ 29. Kb2 Nc4+ 30. Kb1 Bc6 31. Neg5 fxg6 32. Rxg7+ Kd6 33. Nd4 Ne5 34. Kb2 Ra5 35. Kb3 Bd5+ 36. Kb4 Ra2 37. f4 Nd3+ 38. Kc3 Ra3+ 39. Kd2 a6 40. Nc2 Rb3 41. Nd4 Ra3 42. Nc2 Rb3 43. Nd4 1/2-1/2

[Event "BL 2018-19"]
[Site "Berlin"]
[Date "2019.04.06"]
[Round "14"]
[White "Warmerdam, Max"]
[Black "Buhmann, Rainer"]
[Result "1/2-1/2"]
[ECO "B11"]
[WhiteElo "2422"]
[BlackElo "2574"]
[Annotator "ChessBase"]
[PlyCount "48"]
[EventDate "2018.11.10"]
[EventType "team-tourn"]
[EventCountry "GER"]
[SourceTitle "playchess.com"]
[Source "ChessBase"]
[SourceQuality "1"]
[WhiteTeam "Muelheim"]
[BlackTeam "Hockenheim"]
[TimeControl "40/6000+30:3000+30"]

1. e4 c6 2. Nf3 d5 3. Nc3 dxe4 4. Nxe4 Nf6 5. Qe2 Nxe4 6. Qxe4 Nd7 7. Bc4 Nf6 8. Ne5 e6 9. Qe2 b5 10. Bb3 Qc7 11. d4 Bd6 12. Bg5 O-O 13. Bxf6 gxf6 14. Nd3 Kh8 15. f4 Bb7 16. Qf2 Rad8 17. Nc5 Bxc5 18. dxc5 Qa5+ 19. c3 b4 20. c4 Rd7 21. Qh4 Qxc5 22. Bc2 f5 23. Qf6+ Kg8 24. Qg5+ Kh8 1/2-1/2

[Event "BL 2018-19"]
[Site "Berlin"]
[Date "2019.04.06"]
[Round "14.2"]
[White "Arnaudov, G. Petar"]
[Black "Schroeder, Jan-Christian"]
[Result "1/2-1/2"]
[ECO "A13"]
[WhiteElo "2459"]
[BlackElo "2571"]
[Annotator "ChessBase"]
[PlyCount "132"]
[EventDate "2018.11.10"]
[EventType "team-tourn"]
[EventCountry "GER"]
[SourceTitle "playchess.com"]
[Source "ChessBase"]
[SourceQuality "1"]
[WhiteTeam "Augsburg"]
[BlackTeam "SV Hofheim"]
[TimeControl "40/6000+30:3000+30"]

1. c4 e6 2. Nf3 d5 3. g3 Nf6 4. Bg2 dxc4 5. O-O Nbd7 6. Qc2 Nb6 7. a4 a5 8. Na3 Bxa3 9. Rxa3 O-O 10. e4 Bd7 11. Ne5 Qe8 12. Nxd7 Qxd7 13. d3 cxd3 14. Rxd3 Qxa4 15. Qxc7 Qb5 16. Rfd1 Rac8 17. Qxb7 Rxc1 18. Rxc1 Qxd3 19. Qxb6 Qd2 20. Ra1 Rc8 21. Qxa5 Qxb2 22. Rd1 g6 23. Bf3 Qc3 24. Qxc3 Rxc3 25. Kg2 Rc5 26. h4 h6 27. Rd4 Re5 28. Kf1 g5 29. hxg5 hxg5 30. Bg2 Ra5 31. Bf3 Kg7 32. Be2 Kh6 33. Rb4 Re5 34. Bd3 Ra5 35. Be2 Kg6 36. f4 e5 37. fxe5 Rxe5 38. Bd3 Nd7 39. Bc4 Rc5 40. Be2 Ne5 41. Kf2 Rc3 42. Rb6+ Kg7 43. Ra6 Nd7 44. Rd6 Nc5 45. Rd4 Ra3 46. Rc4 Nd7 47. Rd4 Nc5 48. Rc4 Ra5 49. Rd4 Kf6 50. Ke3 Ra3+ 51. Kf2 Rc3 52. Rd6+ Ke7 53. Rd4 f6 54. Bg4 Ra3 55. Bf5 Nd3+ 56. Kg2 Ra2+ 57. Kf1 Ne5 58. Rd1 g4 59. Rd4 Rb2 60. Rd1 Nc4 61. Rd7+ Ke8 62. Rd3 Nd2+ 63. Ke1 Nf3+ 64. Kf1 Nd2+ 65. Ke1 Nf3+ 66. Kf1 Nd2+ 1/2-1/2

[Event "BL 2018-19"]
[Site "Berlin"]
[Date "2019.04.06"]
[Round "14.3"]
[White "Neef, Maximilian"]
[Black "Hansen, Sune Berg"]
[Result "1/2-1/2"]
[ECO "A45"]
[WhiteElo "2479"]
[BlackElo "2583"]
[Annotator "ChessBase"]
[PlyCount "142"]
[EventDate "2018.11.10"]
[EventType "team-tourn"]
[EventCountry "GER"]
[SourceTitle "playchess.com"]
[Source "ChessBase"]
[SourceQuality "1"]
[WhiteTeam "Dresden"]
[BlackTeam "Hamburg SK"]
[TimeControl "40/6000+30:3000+30"]

1. d4 Nf6 2. Bf4 d5 3. e3 e6 4. Nd2 Bd6 5. Bg3 c5 6. c3 Qc7 7. dxc5 Bxg3 8. hxg3 Qxc5 9. Ngf3 Nbd7 10. Bd3 Qb6 11. b4 h6 12. O-O O-O 13. Qe2 Re8 14. e4 dxe4 15. Nxe4 Nxe4 16. Bxe4 Nf6 17. Ne5 Bd7 18. a4 Rad8 19. a5 Qc7 20. c4 Bc8 21. Bf3 Nd7 22. Nxd7 Bxd7 23. c5 a6 24. Rfd1 Bb5 25. Qe1 Bc6 26. Ra2 Bxf3 27. gxf3 Qc6 28. Kg2 Rd5 29. Rad2 Kf8 30. Rxd5 exd5 31. Qd2 Re5 32. Qd4 f6 33. Qg4 Kf7 34. f4 d4+ 35. Kh2 Rd5 36. Rd3 h5 37. Qd1 Qd7 38. Kg1 Kf8 39. Qe2 Qe7 40. Qf3 Qe6 41. Qd1 Qe4 42. Qd2 Rd7 43. Kh2 g6 44. Kg1 Kg7 45. Kh2 Qd5 46. Qe2 Kf7 47. Qd2 Ke8 48. Qb2 Kf7 49. Qd2 Rd8 50. Kg1 Qe4 51. Kh2 Kf8 52. Re3 Qd5 53. Rd3 Kf7 54. Kg1 Qe4 55. Kh2 Kg7 56. Kg1 Kh6 57. Kh2 Kh7 58. Kg1 Kg7 59. Kh2 h4 60. gxh4 Rh8 61. f3 Qf5 62. Rxd4 Rxh4+ 63. Kg1 Kh6 64. Re4 Kh5 65. Qd8 Rxf4 66. Rxf4 Qxf4 67. Qd5+ f5 68. Qxb7 Qg5+ 69. Kh2 Qh4+ 70. Kg2 Qg5+ 71. Kh2 Qh4+ 1/2-1/2

[Event "BL 2018-19"]
[Site "Berlin"]
[Date "2019.04.06"]
[Round "14.5"]
[White "Womacka, Mathias"]
[Black "Schmittdiel, Eckhard"]
[Result "1-0"]
[ECO "B32"]
[WhiteElo "2449"]
[BlackElo "2436"]
[Annotator "NA"]
[PlyCount "103"]
[EventDate "2018.11.10"]
[EventType "team-tourn"]
[EventCountry "GER"]
[SourceTitle "playchess.com"]
[Source "ChessBase"]
[SourceQuality "1"]
[WhiteTeam "SV Hofheim"]
[BlackTeam "Augsburg"]
[TimeControl "40/6000+30:3000+30"]

1. e4 c5 2. Nf3 Nc6 3. d4 cxd4 4. Nxd4 e5 5. Nb5 d6 6. N1c3 a6 7. Na3 b5 8. Nd5 Be7 9. c4 b4 10. Nc2 a5 11. Be3 Rb8 12. Be2 Nf6 13. Qd3 Rb7 14. O-O O-O 15. h3 Nxd5 16. Qxd5 Nb8 $11 17. Bg4 Nd7 18. Qd2 Qc7 19. b3 h6 20. Bf5 Nf6 21. Bxc8 Rxc8 22. f3 Qc6 23. Rfd1 Rcb8 24. Bf2 Rd7 25. Ne3 Bd8 26. Nd5 Ne8 27. Qe2 Kh7 28. Rd3 Rdb7 29. Rad1 Qc8 30. Kh1 Bg5 31. Kh2 Qe6 32. h4 Bd8 33. g3 g6 34. h5 Bg5 35. Kg2 f5 36. hxg6+ Qxg6 37. exf5 Qxf5 38. Qe4 Qxe4 39. fxe4 Rf7 40. Rf3 Rxf3 41. Kxf3 Ra8 42. Bb6 Ra6 43. Nc7 Rxb6 44. Nxe8 Be7 45. c5 Rc6 46. cxd6 Bd8 47. d7 Rc3+ 48. Kg4 h5+ 49. Kf5 Rxg3 50. Nd6 Rg5+ 51. Ke6 Rg6+ 52. Kxe5 1-0

[Event "BL 2018-19"]
[Site "Berlin"]
[Date "2019.04.06"]
[Round "14.5"]
[White "Maiwald, Jens-Uwe"]
[Black "Ftacnik, Lubomir"]
[Result "1/2-1/2"]
[ECO "A48"]
[WhiteElo "2443"]
[BlackElo "2512"]
[Annotator "ChessBase"]
[PlyCount "89"]
[EventDate "2018.11.10"]
[EventType "team-tourn"]
[EventCountry "GER"]
[SourceTitle "playchess.com"]
[Source "ChessBase"]
[SourceQuality "1"]
[WhiteTeam "Dresden"]
[BlackTeam "Hamburg SK"]
[TimeControl "40/6000+30:3000+30"]

1. d4 Nf6 2. Nf3 g6 3. Bg5 Bg7 4. Nbd2 d5 5. e3 O-O 6. Be2 c5 7. c3 Qb6 8. Qb3 Nc6 9. O-O Bf5 10. dxc5 Qxc5 11. Nd4 Bc8 12. Rfd1 e5 13. Nxc6 bxc6 14. Rac1 Be6 15. Qa4 Qb6 16. c4 Rab8 17. b3 h6 18. Bxf6 Bxf6 19. c5 Qc7 20. e4 Rfd8 21. exd5 cxd5 22. b4 e4 23. b5 Bb2 24. Rc2 Be5 25. h3 Bf5 26. Nb3 e3 27. Bd3 Bxd3 28. Rxd3 d4 29. Qc4 Qe7 30. Re2 Qg5 31. fxe3 dxe3 32. Rexe3 Rxd3 33. Rxd3 Re8 34. Nd2 Bf4 35. Rf3 Re1+ 36. Nf1 Be3+ 37. Kh2 Qe5+ 38. g3 Bxc5 39. Qxf7+ Kh8 40. h4 Qe2+ 41. Kh3 h5 42. Qf6+ Kh7 43. Qf7+ Kh8 44. Qf6+ Kh7 45. Qf7+ 1/2-1/2

[Event "BL 2018-19"]
[Site "Berlin"]
[Date "2019.04.06"]
[Round "14.7"]
[White "Gurevich, Vladimir"]
[Black "Lipok, Christoph"]
[Result "1/2-1/2"]
[ECO "C55"]
[WhiteElo "2469"]
[BlackElo "2287"]
[Annotator "ChessBase"]
[PlyCount "45"]
[EventDate "2018.11.10"]
[EventType "team-tourn"]
[EventCountry "GER"]
[SourceTitle "playchess.com"]
[Source "ChessBase"]
[SourceQuality "1"]
[WhiteTeam "SV Hofheim"]
[BlackTeam "Augsburg"]
[TimeControl "40/6000+30:3000+30"]

1. e4 e5 2. Nf3 Nc6 3. Bc4 Nf6 4. d3 Be7 5. O-O O-O 6. Re1 d6 7. a4 Na5 8. Ba2 c5 9. h3 Nc6 10. Nc3 Nb4 11. Bc4 a6 12. Bg5 Ne8 13. Bd2 Nc7 14. a5 Be6 15. Na4 Bxc4 16. dxc4 Nc6 17. Nb6 Rb8 18. c3 Ne6 19. b4 f5 20. exf5 Rxf5 21. Qc2 Rxf3 22. gxf3 cxb4 23. cxb4 1/2-1/2

[Event "BL 2018-19"]
[Site "Berlin"]
[Date "2019.04.06"]
[Round "14.8"]
[White "Mueller, Werner"]
[Black "Margolin, Boris"]
[Result "0-1"]
[ECO "B23"]
[WhiteElo "2218"]
[BlackElo "2386"]
[Annotator "NA"]
[PlyCount "118"]
[EventDate "2018.11.10"]
[EventType "team-tourn"]
[EventCountry "GER"]
[SourceTitle "playchess.com"]
[Source "ChessBase"]
[SourceQuality "1"]
[WhiteTeam "Augsburg"]
[BlackTeam "SV Hofheim"]
[TimeControl "40/6000+30:3000+30"]

1. e4 c5 2. Nf3 Nc6 3. Nc3 Nd4 4. Nxd4 cxd4 5. Ne2 e5 6. Ng3 $11 Nf6 7. Bc4 Be7 8. d3 O-O 9. O-O d6 10. Bg5 Be6 11. Bb3 a5 12. c3 dxc3 13. bxc3 d5 14. Bxf6 Bxf6 15. Qf3 dxe4 16. Qxe4 Bxb3 17. axb3 b6 18. Nh5 Rc8 19. c4 Rc5 20. Rad1 b5 21. h3 g6 22. Nxf6+ Qxf6 23. d4 exd4 24. Qxd4 Qxd4 25. Rxd4 bxc4 26. bxc4 Rb8 27. Ra1 Kg7 28. g4 Rb4 29. Kg2 a4 30. Ra3 Rcxc4 31. Rd7 g5 32. Ra7 Rf4 33. Kg3 h5 34. gxh5 Kh6 35. Rf3 Rxf3+ 36. Kxf3 Kxh5 37. Kg2 Kg6 38. Ra5 f6 39. f3 Rb2+ 40. Kg3 Rb4 41. Ra6 Rf4 42. Ra5 Kf7 43. Ra6 Ke7 44. Rb6 Rc4 45. Ra6 Kf7 46. Rb6 Kg6 47. Rb5 f5 48. Ra5 Rb4 49. Rd5 Rb2 50. h4 gxh4+ 51. Kxh4 Rb4+ 52. Kg3 f4+ 53. Kg4 Kf6 54. Rd8 Rc4 55. Re8 Rd4 56. Kh4 Kf5 57. Kh5 Rc4 58. Kh4 Rc6 59. Rf8+ Rf6 0-1

[Event "BL 2018-19"]
[Site "Berlin"]
[Date "2019.04.06"]
[Round "14.12"]
[White "Jakubiec, Artur"]
[Black "Sprenger, Jan Michael"]
[Result "0-1"]
[ECO "A03"]
[WhiteElo "2508"]
[BlackElo "2490"]
[Annotator "RC"]
[PlyCount "58"]
[EventDate "2018.11.10"]
[EventType "team-tourn"]
[EventCountry "GER"]
[SourceTitle "playchess.com"]
[Source "ChessBase"]
[SourceQuality "1"]
[WhiteTeam "Kiel"]
[BlackTeam "SF Berlin"]
[TimeControl "40/6000+30:3000+30"]

1. f4 d5 2. Nf3 g6 3. g3 Bg7 4. Bg2 Nh6 5. Nc3 d4 6. Ne4 Nf5 7. c3 O-O 8. cxd4 Nxd4 9. Nxd4 Qxd4 10. e3 Qb6 11. d4 Na6 12. O-O c5 13. d5 c4 14. Qe2 Bd7 15. Bd2 Qxb2 16. Rab1 Qxa2 17. g4 f5 18. Rxb7 fxe4 19. Rxd7 c3 20. d6 Nc5 21. Rc7 Rac8 22. Qb5 Qxd2 23. Qxc5 exd6 24. Qxa7 Rxc7 25. Qxc7 d5 26. Qc5 d4 27. f5 dxe3 28. f6 e2 29. Qc4+ Rf7 0-1

[Event "BL 2018-19"]
[Site "Berlin"]
[Date "2019.04.06"]
[Round "14.15"]
[White "Heimann, Andreas"]
[Black "Hainke, Guntram"]
[Result "1/2-1/2"]
[ECO "D45"]
[WhiteElo "2601"]
[BlackElo "2344"]
[Annotator "ChessBase"]
[PlyCount "83"]
[EventDate "2018.11.10"]
[EventType "team-tourn"]
[EventCountry "GER"]
[SourceTitle "playchess.com"]
[Source "ChessBase"]
[SourceQuality "1"]
[WhiteTeam "SF Deizisau"]
[BlackTeam "Duesseldorf"]
[TimeControl "40/6000+30:3000+30"]

1. c4 c6 2. d4 d5 3. Nf3 Nf6 4. Nc3 e6 5. e3 a6 6. c5 Nbd7 7. b4 g6 8. Bd3 Bg7 9. Bb2 O-O 10. h3 Re8 11. Na4 Ne4 12. Bxe4 dxe4 13. Nd2 f5 14. Nc4 Rb8 15. Qb3 Re7 16. O-O-O Nf6 17. f3 Bd7 18. Nd6 Be8 19. Nb6 Nd5 20. Nbc4 b6 21. fxe4 fxe4 22. Nxe4 bxc5 23. dxc5 Reb7 24. Nb6 Qh4 25. Nd6 Bxb2+ 26. Kxb2 Nxb6 27. cxb6 Qf6+ 28. Qc3 Qxc3+ 29. Kxc3 Rxb6 30. Rhf1 g5 31. Ne4 Rb5 32. Nf6+ Kg7 33. Nxe8+ Rxe8 34. Rd7+ Kg6 35. g4 c5 36. bxc5 Rc8 37. Rd6 Rcxc5+ 38. Kd4 Rd5+ 39. Rxd5 Rxd5+ 40. Kc4 Ra5 41. Rf2 h5 42. Kd4 1/2-1/2

[Event "BL 2018-19"]
[Site "Berlin"]
[Date "2019.04.07"]
[Round "15"]
[White "Braun, Arik"]
[Black "Efimenko, Zahar"]
[Result "1/2-1/2"]
[ECO "E32"]
[WhiteElo "2605"]
[BlackElo "2635"]
[Annotator "RC"]
[PlyCount "55"]
[EventDate "2018.11.10"]
[EventType "team-tourn"]
[EventCountry "GER"]
[SourceTitle "playchess.com"]
[Source "ChessBase"]
[SourceQuality "1"]
[WhiteTeam "Hockenheim"]
[BlackTeam "Werder Bremen"]
[TimeControl "40/6000+30:3000+30"]

1. d4 Nf6 2. c4 e6 3. Nc3 Bb4 4. Qc2 d6 5. Nf3 O-O 6. Bd2 Nbd7 7. a3 Bxc3 8. Bxc3 c5 9. Rd1 cxd4 10. Nxd4 Nc5 11. Nb5 Bd7 12. Rxd6 a6 13. Bxf6 Qxf6 14. Nc3 Rad8 15. e3 Bc6 16. Nd5 Bxd5 17. Rxd8 Rxd8 18. cxd5 Rxd5 19. Bc4 Rd8 20. O-O g6 21. Be2 Qf5 22. Rc1 Qxc2 23. Rxc2 Ne4 24. Bf3 Rd7 25. h4 Nd6 26. Rd2 Rd8 27. Rc2 Rd7 28. Rd2 1/2-1/2

[Event "BL 2018-19"]
[Site "Berlin"]
[Date "2019.04.07"]
[Round "15"]
[White "Maze, Sebastien"]
[Black "Hausrath, Daniel"]
[Result "1/2-1/2"]
[ECO "B12"]
[WhiteElo "2602"]
[BlackElo "2493"]
[Annotator "ChessBase"]
[PlyCount "83"]
[EventDate "2018.11.10"]
[EventType "team-tourn"]
[EventCountry "GER"]
[SourceTitle "playchess.com"]
[Source "ChessBase"]
[SourceQuality "1"]
[WhiteTeam "Viernheim"]
[BlackTeam "Muelheim"]
[TimeControl "40/6000+30:3000+30"]

1. e4 c6 2. d4 d5 3. e5 Bf5 4. Nf3 e6 5. Be2 Nd7 6. O-O Bg6 7. c3 Nh6 8. a4 a5 9. Bf4 Be7 10. Nbd2 O-O 11. Re1 f6 12. exf6 Bxf6 13. Bf1 Qb6 14. Qb3 Bxd4 15. Nxd4 Rxf4 16. Qxb6 Nxb6 17. g3 Rf6 18. Nxe6 Nf5 19. Nc5 Nd6 20. Bh3 Bf5 21. Bxf5 Rxf5 22. Re6 Rf6 23. Rae1 Raf8 24. R6e2 R6f7 25. Ndb3 Nbc4 26. Nd4 Ne4 27. Nxe4 dxe4 28. Ne6 Re8 29. Ng5 Rfe7 30. Nxe4 Kh8 31. f3 h6 32. Kg2 Nb6 33. b3 Nd5 34. c4 Nb4 35. Rd1 c5 36. Red2 b6 37. Rd8 Nc2 38. Rxe8+ Rxe8 39. Rd6 Rb8 40. Nc3 Nd4 41. Nd5 Re8 42. Nf4 1/2-1/2

[Event "BL 2018-19"]
[Site "Berlin"]
[Date "2019.04.07"]
[Round "15"]
[White "Tarlev, Konstantin"]
[Black "Buckels, Valentin"]
[Result "1/2-1/2"]
[ECO "C54"]
[WhiteElo "2557"]
[BlackElo "2427"]
[Annotator "ChessBase"]
[PlyCount "61"]
[EventDate "2018.11.10"]
[EventType "team-tourn"]
[EventCountry "GER"]
[SourceTitle "playchess.com"]
[Source "ChessBase"]
[SourceQuality "1"]
[WhiteTeam "Viernheim"]
[BlackTeam "Muelheim"]
[TimeControl "40/6000+30:3000+30"]

1. e4 e5 2. Nf3 Nc6 3. Bc4 Bc5 4. d3 Nf6 5. O-O d6 6. c3 h6 7. Re1 O-O 8. Nbd2 a5 9. Nf1 Be6 10. Bb5 Ne7 11. d4 Bb6 12. dxe5 Ng4 13. Be3 Bxe3 14. Nxe3 Nxe5 15. Nd4 Bd7 16. Bf1 a4 17. Qc2 N7g6 18. f3 h5 19. Qf2 Nf4 20. Rad1 h4 21. Ndf5 Qg5 22. Kh1 Neg6 23. g3 hxg3 24. hxg3 Qh5+ 25. Kg1 Nh3+ 26. Bxh3 Qxh3 27. f4 Rfe8 28. Qf3 Ra5 29. c4 Bxf5 30. Nxf5 Ne7 31. Nxe7+ 1/2-1/2

[Event "BL 2018-19"]
[Site "Berlin"]
[Date "2019.04.07"]
[Round "15"]
[White "Werle, Jan"]
[Black "Wagner, Dennis"]
[Result "1/2-1/2"]
[ECO "D85"]
[WhiteElo "2528"]
[BlackElo "2576"]
[Annotator "ChessBase"]
[PlyCount "80"]
[EventDate "2018.11.10"]
[EventType "team-tourn"]
[EventCountry "GER"]
[SourceTitle "playchess.com"]
[Source "ChessBase"]
[SourceQuality "1"]
[WhiteTeam "Werder Bremen"]
[BlackTeam "Hockenheim"]
[TimeControl "40/6000+30:3000+30"]

1. d4 Nf6 2. c4 g6 3. Nc3 d5 4. cxd5 Nxd5 5. e4 Nxc3 6. bxc3 Bg7 7. Be3 c5 8. Rc1 Qa5 9. Qd2 cxd4 10. cxd4 Qxd2+ 11. Kxd2 O-O 12. Nf3 Rd8 13. Bd3 Nc6 14. d5 Nb4 15. Bd4 e6 16. Bxg7 Kxg7 17. Rc7 exd5 18. e5 Rd7 19. Rhc1 Nc6 20. Rxd7 Bxd7 21. Rb1 b6 22. Bb5 Rc8 23. Rc1 Nxe5 24. Nxe5 Rxc1 25. Bxd7 Ra1 26. a4 Kf6 27. Nd3 d4 28. Kc2 Ke7 29. Bb5 a6 30. Bxa6 Rxa4 31. Bb5 Ra3 32. h4 Kd6 33. Be8 Ra7 34. Bb5 h6 35. Bc4 g5 36. hxg5 hxg5 37. Kb3 f6 38. Kb4 Rc7 39. Kb5 Rc8 40. g3 Rc7 1/2-1/2

[Event "BL 2018-19"]
[Site "Berlin"]
[Date "2019.04.07"]
[Round "15"]
[White "Warmerdam, Max"]
[Black "Abergel, Thal"]
[Result "0-1"]
[ECO "B90"]
[WhiteElo "2422"]
[BlackElo "2425"]
[Annotator "NA"]
[PlyCount "78"]
[EventDate "2018.11.10"]
[EventType "team-tourn"]
[EventCountry "GER"]
[SourceTitle "playchess.com"]
[Source "ChessBase"]
[SourceQuality "1"]
[WhiteTeam "Muelheim"]
[BlackTeam "Viernheim"]
[TimeControl "40/6000+30:3000+30"]

1. e4 c5 2. Nf3 d6 3. d4 cxd4 4. Nxd4 Nf6 5. Nc3 a6 6. h3 e5 7. Nb3 Be6 {[%emt 0:01:30] B90: Sicilian Najdorf: Unusual White 6th moves, 6 Be3 Ng4 and 6 Be3 e5} 8. f4 g6 (8... exf4 9. Bxf4 Nc6 10. Qe2 Be7 11. O-O-O Qc7 12. g4 O-O 13. g5 Nd7 14. Qe3 Rac8 15. Kb1 {1-0 (60) Van Foreest,J (2612)-Nepomniachtchi,I (2763) Wijk aan Zee 2019}) 9. Be2 Nbd7 10. g4 exf4 11. g5 Nh5 $146 ({Predecessor:} 11... Ng8 12. Bxf4 h6 13. Qd4 hxg5 14. Bd2 Rxh3 15. Rxh3 Bxh3 16. O-O-O Qf6 17. Qg1 Be6 18. Nd4 {½-½ (18) Tiemann,C (2403)-Ibragimov,V (2431) GER email 2017}) 12. Bxh5 Qxg5 13. Bg4 h5 (13... Qh4+ $11 {keeps the balance.} 14. Kd2 Bg7 {[%mdl 64] Decoy}) 14. Bxe6 Qh4+ 15. Kf1 fxe6 16. Qe1 (16. Nd4 $16 Qf6 17. Nf3) 16... Qf6 17. e5 dxe5 18. Ne4 (18. Bd2 $11) 18... Qf5 19. Bd2 Be7 20. Bb4 Nf6 21. Nxf6+ Bxf6 22. Nc5 O-O-O 23. Ne4 Kb8 24. Nxf6 Qxf6 25. Bc3 Rd5 26. Rd1 Re8 $11 27. Qe2 f3 28. Qe1 Qf5 29. Rd3 Red8 30. Bxe5+ Ka8 31. Qc3 Qe4 32. Rh2 g5 33. Rhd2 Qh4 34. Rxd5 Qxh3+ 35. Kf2 Qg2+ 36. Ke3 Qg1+ 37. Kxf3 exd5 38. Ke2 Re8 39. Kd3 Rf8 0-1

[Event "BL 2018-19"]
[Site "Berlin"]
[Date "2019.04.08"]
[Round "15.1"]
[White "Mons, Leon"]
[Black "Volokitin, Andrei"]
[Result "1-0"]
[ECO "B51"]
[WhiteElo "2554"]
[BlackElo "2630"]
[Annotator "RC"]
[PlyCount "119"]
[EventDate "2018.11.10"]
[EventType "team-tourn"]
[EventCountry "GER"]
[SourceTitle "playchess.com"]
[Source "ChessBase"]
[SourceQuality "1"]
[WhiteTeam "Zugzwang Muenchen"]
[BlackTeam "SV Hofheim"]
[TimeControl "40/6000+30:3000+30"]

1. e4 c5 2. Nf3 d6 3. Bb5+ Nd7 4. Ba4 Ngf6 5. O-O a6 6. c4 e5 7. Nc3 g6 8. d3 Bg7 9. a3 O-O 10. Rb1 Qc7 11. Bg5 Nb6 12. Bc2 h6 13. Bd2 Be6 14. b4 Nbd7 15. Qc1 Kh7 16. Qb2 Rab8 17. Rfc1 b6 18. Qa2 Nh5 19. Nd5 Bxd5 20. cxd5 Nf4 21. Kf1 Qd8 22. bxc5 dxc5 23. a4 f5 24. exf5 Rxf5 25. d4 Rf8 26. dxc5 Nxc5 27. Re1 Qd7 28. Bxf4 Rxf4 29. Nxe5 Bxe5 30. Rxe5 Qf7 31. Re2 Rf8 32. f3 Rxf3+ 33. gxf3 Qxf3+ 34. Kg1 Rf4 35. Rg2 Rg4 36. Bxg6+ Kxg6 37. Rxg4+ Qxg4+ 38. Qg2 Qxg2+ 39. Kxg2 Nxa4 40. Rf1 Nc5 41. Rf8 Nd7 42. Rd8 Nf6 43. Rd6 Kg5 44. Rxb6 Nxd5 45. Rxa6 Nf4+ 46. Kf3 Nh5 47. Ra5+ Kh4 48. Ra4+ Kg5 49. h4+ Kf5 50. Ra5+ Kg6 51. Ra6+ Kh7 52. Kg4 Ng7 53. Rb6 Ne8 54. Kf5 Ng7+ 55. Kf6 Nh5+ 56. Kf7 Nf4 57. Rb7 Ng2 58. Kf6+ Kh8 59. Rb4 Kh7 60. Re4 1-0

[Event "BL 2018-19"]
[Site "Berlin"]
[Date "2019.04.07"]
[Round "15.2"]
[White "Moranda, Wojciech"]
[Black "Huschenbeth, Niclas"]
[Result "1/2-1/2"]
[ECO "D37"]
[WhiteElo "2599"]
[BlackElo "2586"]
[Annotator "ChessBase"]
[PlyCount "90"]
[EventDate "2018.11.10"]
[EventType "team-tourn"]
[EventCountry "GER"]
[SourceTitle "playchess.com"]
[Source "ChessBase"]
[SourceQuality "1"]
[WhiteTeam "SF Berlin"]
[BlackTeam "Hamburg SK"]
[TimeControl "40/6000+30:3000+30"]

1. d4 Nf6 2. c4 e6 3. Nf3 d5 4. Nc3 dxc4 5. e4 Bb4 6. Bxc4 Nxe4 7. O-O Nf6 8. Qa4+ Nc6 9. Ne5 Rb8 10. d5 exd5 11. Nxd5 Nxd5 12. Nxc6 bxc6 13. Qxc6+ Qd7 14. Bxd5 O-O 15. Qxd7 Bxd7 16. Bf4 Bd6 17. Bxd6 cxd6 18. b3 Be6 19. Rfd1 Rfd8 20. Rac1 Rbc8 21. Bb7 Rxc1 22. Rxc1 a5 23. Kf1 Kf8 24. Ke2 Ke7 25. Ke3 Rb8 26. Be4 d5 27. Bd3 Kd6 28. g3 Rb4 29. Kd2 h6 30. Bc2 g5 31. a3 Rb8 32. Bd1 g4 33. Ke3 Re8 34. Kd2 Bf5 35. Rc3 h5 36. f3 Bd7 37. Rd3 f5 38. Rd4 Kc5 39. Rf4 d4 40. Bc2 Rf8 41. Kd3 Bb5+ 42. Kd2 Bd7 43. Kd3 Bb5+ 44. Kd2 Bd7 45. Kd3 Bb5+ {[%emt 0:02:21] Ke4} 1/2-1/2

[Event "BL 2018-19"]
[Site "Berlin"]
[Date "2019.04.08"]
[Round "15.2"]
[White "Schroeder, Jan-Christian"]
[Black "Kindermann, Stefan"]
[Result "1-0"]
[ECO "C03"]
[WhiteElo "2571"]
[BlackElo "2500"]
[Annotator "RC"]
[PlyCount "77"]
[EventDate "2018.11.10"]
[EventType "team-tourn"]
[EventCountry "GER"]
[SourceTitle "playchess.com"]
[Source "ChessBase"]
[SourceQuality "1"]
[WhiteTeam "SV Hofheim"]
[BlackTeam "Zugzwang Muenchen"]
[TimeControl "40/6000+30:3000+30"]

1. e4 e6 2. d4 d5 3. Nd2 Be7 4. e5 c5 5. c3 cxd4 6. cxd4 Qb6 7. Ndf3 Bb4+ 8. Bd2 Nc6 9. Bc3 f6 10. Bd3 fxe5 11. Nxe5 Qxd4 12. Qh5+ g6 13. Bxg6+ hxg6 14. Qxg6+ Kd8 15. Nf7+ Ke7 16. Ne2 Bxc3+ 17. bxc3 Qh4 18. Nxh8 Qxh8 19. O-O Nf6 20. Nf4 Bd7 21. Rfe1 Re8 22. c4 dxc4 23. Rad1 Bc8 24. Qc2 Qh6 25. Qxc4 e5 26. Nd3 Qh5 27. f4 e4 28. Nc5 Kf8 29. Rd6 Qf5 30. h3 Kg7 31. Qc3 Qxf4 32. Rxe4 Qxd6 33. Rxe8 Nd4 34. Re1 Bf5 35. Nxb7 Qd5 36. Qg3+ Kh6 37. Nd6 Bg6 38. Qf4+ Kg7 39. Re7+ 1-0

[Event "BL 2018-19"]
[Site "Berlin"]
[Date "2019.04.08"]
[Round "15.3"]
[White "Hertneck, Gerald"]
[Black "Perske, Thore"]
[Result "1/2-1/2"]
[ECO "A49"]
[WhiteElo "2492"]
[BlackElo "2448"]
[Annotator "ChessBase"]
[PlyCount "81"]
[EventDate "2018.11.10"]
[EventType "team-tourn"]
[EventCountry "GER"]
[SourceTitle "playchess.com"]
[Source "ChessBase"]
[SourceQuality "1"]
[WhiteTeam "Zugzwang Muenchen"]
[BlackTeam "SV Hofheim"]
[TimeControl "40/6000+30:3000+30"]

1. d4 Nf6 2. Nf3 g6 3. g3 Bg7 4. Bg2 O-O 5. O-O d6 6. a4 Nc6 7. Na3 e5 8. d5 Nb4 9. c4 a5 10. Ne1 Nd7 11. Nd3 Nxd3 12. exd3 Nc5 13. Nb5 Bd7 14. Ra3 f5 15. Be3 Na6 16. Qd2 f4 17. gxf4 exf4 18. Bxf4 Qf6 19. Bg3 Qxb2 20. Qxb2 Bxb2 21. Rb3 Be5 22. Bxe5 dxe5 23. Nxc7 Nc5 24. Nxa8 Nxb3 25. Nb6 Nc5 26. Re1 Bf5 27. d6 Nxd3 28. Re3 Rd8 29. d7 Nc5 30. Rxe5 Nxd7 31. Nxd7 Rxd7 32. h3 b6 33. c5 bxc5 34. Rxc5 Ra7 35. h4 Bd7 36. Bc6 Bxc6 37. Rxc6 Rf7 38. h5 Rf4 39. hxg6 hxg6 40. Rxg6+ Kf7 41. Ra6 1/2-1/2